AoeStats
← Abetterhandle

Pilgrims

507450422Analyzed
3v3 RM · 15d ago on Sep 18, 2026· 40m 2s· 6 players
Game mode
Random Map
Map size
Normal (6 player)
Population
200
Speed
Normal
Resources
Standard
Victory
Conquest
Starting age
Dark Age
Ending age
Imperial Age
RankedLock teamsTeams togetherTeam positionsShared explorationLock speedFull tech treeHidden civsTurbo modeCheats
Victory
Defeat
🇯🇵 Japanese · Japan
1019
+16
🇦🇺 Celts · Australia
1008
+17
🇳🇿 Koreans · New Zealand
966
+18
🇹🇼 Magyars · Taiwan
1101
-21
🇩🇪 Teutons · Germany
979
-15
🇮🇳 Khmer · India
975
-15
Abetterhandle
4:32 Loom
12:42 Feudal Age
13:14 Double-Bit Axe
15:41 Fletching
16:06 Fishing Lines
19:19 Castle Age
21:25 Bodkin Arrow
30:11 Squires
30:28 Forging
30:19 Scale Mail Armor
peace for the world
7:06 Loom
15:33 Feudal Age
16:28 Town Watch
16:31 Double-Bit Axe
16:35 Fishing Lines
16:54 Stone Mining
16:58 Gold Mining
19:34 Castle Age
17:28 Fletching
20:31 Bow Saw
20:22 Town Patrol
20:31 Gillnets
21:06 Bodkin Arrow
21:26 Yasama
21:57 Guard Tower
22:28 Ballistics
22:19 Treadmill Crane
23:50 Masonry
26:40 Imperial Age
27:21 Bracer
27:11 Arrowslits
28:27 Chemistry
27:48 Murder Holes
29:25 Keep
HanzVermhat
8:24 Loom
14:22 Feudal Age
15:57 Gold Mining
15:54 Double-Bit Axe
16:18 Fishing Lines
17:05 Man-at-Arms
24:14 Castle Age
24:46 Fletching
24:56 Scale Mail Armor
25:06 Forging
25:55 Horse Collar
26:11 Stone Mining
27:37 Wheelbarrow
26:48 Town Watch
34:05 Hand Cart
37:32 Iron Casting
37:13 Chain Mail Armor
Sipsip
13:06 Feudal Age
11:21 Loom
15:28 Double-Bit Axe
21:03 Castle Age
27:44 Imperial Age
25:53 Wheelbarrow
25:03 Town Watch
30:38 Bow Saw
31:56 Pikeman
35:30 Hand Cart
5A
6:26 Loom
11:19 Feudal Age
17:47 Castle Age
16:17 Stone Mining
16:31 Double-Bit Axe
17:39 Gold Mining
17:30 Horse Collar
30:24 Wheelbarrow
30:57 Bloodlines
39:30 Imperial Age
38:35 Sanctity
run and gun
14:59 Feudal Age
18:49 Castle Age
16:31 Fishing Lines
17:17 Loom
19:41 Wheelbarrow
19:28 Double-Bit Axe
20:23 Bow Saw
24:27 Gold Mining
25:57 Hand Cart
26:24 Gold Shaft Mining
30:11 Imperial Age
30:57 Husbandry
31:15 Scale Barding Armor
31:21 Forging
30:54 Capped Ram
Connection lost

Rejoining the realm…

Still unreachable

The connection could not be restored.

Session expired

The server has moved on; the page needs a fresh start.